 Dungeon Crawl Stone Soup version 0.18-a0-1577-gf591c28 (webtiles) character file.

731 namelastname112 the Poker (level 7, -3/61 HPs)
             Began as a White Draconian Fighter on Mar 22, 2016.
             Was a Follower of Okawaru.
             Slain by a centaur (6 damage)
             ... on level 5 of the Dungeon.
             The game lasted 00:06:42 (3958 turns).

namelastname112 the Poker (White Draconian Fighter) Turns: 3958, Time: 00:06:42

Health: -3/61      AC:  7    Str: 18    XL:     7   Next: 45%
Magic:  8/8        EV: 13    Int:  8    God:    Okawaru [*.....]
Gold:   169        SH:  0    Dex: 13    Spells: 0 memorised, 6 levels left

rFire  + . .     SeeInvis .     a - +0 trident
rCold  + . .     Gourm    .     (armour unavailable)
rNeg   . . .     Faith    .     (no shield)
rPois  .         Spirit   .     (helmet restricted)
rElec  .         Dismiss  .     h - +0 cloak
rCorr  .         Reflect  .     (no gloves)
SustAt .         Harm     .     (no boots)
MR     +....                    (no amulet)
Stlth  +.........               s - ring of protection from fire
                                k - ring of protection from magic

@: short of breath, somewhat resistant to hostile enchantments, very unstealthy
A: breathe frost, unfitting armour, cold resistance 1, cold-blooded, AC +6
a: Breathe Frost, Heroism, Renounce Religion


You were on level 5 of the Dungeon.
You worshipped Okawaru.
Okawaru was aware of your devotion.
You were hungry.

You visited 1 branch of the dungeon, and saw 5 of its levels.

You collected 169 gold pieces.

Inventory:

Hand Weapons
 a - a +0 trident (weapon)
Missiles
 y - 3 javelins (quivered)
Armour
 b - a +0 shield
 h - a +0 cloak (worn)
Jewellery
 k - a ring of protection from magic (left hand)
 o - an uncursed ring of resist corrosion
 q - an uncursed ring of protection from cold
 s - a ring of protection from fire (right hand)
 x - an uncursed ring of wizardry
Wands
 t - a wand of random effects (20/48)
Scrolls
 i - 3 scrolls of amnesia
 l - 2 scrolls of remove curse
 n - a scroll of enchant weapon {unknown}
 r - 4 scrolls of identify {unknown}
 u - a scroll of blinking {unknown}
 v - 2 scrolls of teleportation {unknown}
Potions
 c - a potion of might
 g - a potion of flight {unknown}
 j - a potion of invisibility {unknown}
Comestibles
 d - 3 bread rations
 f - a beef jerky
 m - 2 fruits
 p - 3 meat rations


   Skills:
 + Level 5.0 Fighting
 * Level 5.6 Polearms
 + Level 0.8 Throwing
 + Level 3.9 Dodging
 + Level 4.5 Shields
 + Level 2.0 Invocations


You had 6 spell levels left.
You didn't know any spells.

Dungeon Overview and Level Annotations

Branches:
Dungeon (5/15)
 Temple: D:4-7

Altars:
Elyvilon
Nemelex Xobeh
Okawaru
Qazlal
Trog
Vehumet
Yredelemnul


Innate Abilities, Weirdness & Mutations

You can breathe waves of freezing cold.
You can buffet flying creatures when you breathe cold.
Your icy white scales are hard (AC +6).
Your body does not fit into most forms of armour.
Your flesh is cold resistant.
You are cold-blooded and may be slowed by cold attacks.


Message History

The centaur hits you! * * * don't die
* * * The jackal barely misses you!
The jackal misses you! The centaur hits you! * * * don't die
* * * The jackal bites you but does no damage!
You can't do that yet!
Unknown command!
Evoke which item? (* to show all) (? for menu, Esc to quit)
Okay, then!
You closely miss the centaur!
The centaur is almost dead!
The jackal barely misses you! The centaur closely misses you!
The jackal misses you!
The jackal bites you but does no damage!
The centaur barely misses you!
You barely miss the centaur!
The centaur is almost dead!
The jackal bites you but does no damage! x2
The centaur hits you! rip

## .. ## .# .. .##
# #... .. .# .
#..# .#..##..
#..##c...... #...#
#.hh@# .# #...#
#..#h# ..##. #...#
#.##(##......
#...# #..(....#
#...# ##.##.####
###...######...#.#
.................#
........#........#
.................#


You could see a centaur and 3 jackals.

Vanquished Creatures
  A phantom (D:4)
  An ogre (D:3)
  A centaur (D:5)
  A water moccasin skeleton (D:4)
  An orc priest (D:4)
  A hound (D:5)
  2 orc wizards (D:4)
  An iguana (D:4)
  2 worker ants (D:4)
  A hound skeleton (D:4)
  4 gnolls (D:2)
  8 adders
  A shadow imp (D:5)
  An ooze (D:2)
  7 worms
  A dart slug (D:1)
  2 giant geckos (D:1)
  2 orcs (D:4)
  2 ball pythons
  5 bats
  2 giant cockroaches
  4 goblins
  7 hobgoblins
  8 jackals
  A quokka (D:5)
  6 giant newts
  12 kobolds
  5 rats
90 creatures vanquished.

Notes
Turn   | Place    | Note
--------------------------------------------------------------
     0 | D:1      | namelastname112 the Draconian Fighter began the quest for the Orb.
     0 | D:1      | Reached XP level 1. HP: 19/19 MP: 1/1
   251 | D:1      | Reached XP level 2. HP: 26/26 MP: 2/2
   738 | D:2      | Reached XP level 3. HP: 28/31 MP: 3/3
  1577 | D:2      | Reached XP level 4. HP: 32/40 MP: 4/4
  2057 | D:3      | Found a white marble altar of Elyvilon.
  2173 | D:3      | Reached XP level 5. HP: 35/46 MP: 5/5
  2260 | D:3      | Noticed an ogre
  2265 | D:3      | Killed an ogre
  2809 | D:4      | Found a basalt altar of Yredelemnul.
  2810 | D:4      | Found an iron altar of Okawaru.
  2847 | D:4      | Became a worshipper of Warmaster Okawaru
  2859 | D:4      | Reached XP level 6. HP: 53/53 MP: 6/6
  2906 | D:4      | Found a radiant altar of Vehumet.
  2997 | D:4      | Found a bloodstained altar of Trog.
  3124 | D:4      | Reached skill level 5 in Polearms
  3124 | D:4      | Reached skill level 1 in Invocations
  3130 | D:4      | Got an ivory quarterstaff
  3131 | D:4      | Identified the +1 quarterstaff of Exquisite Torment {drain, -Tele rF+++ rC+ Str-3} (You found it on level 4 of the Dungeon)
  3208 | D:4      | Your scales start taking on an icy white colour.
  3208 | D:4      | Reached XP level 7. HP: 27/60 MP: 6/8
  3208 | D:4      | Gained mutation: Your flesh is cold resistant. [White Draconian growth]
  3214 | D:4      | Reached * piety under Okawaru
  3561 | D:4      | Found a stormy altar of Qazlal.
  3562 | D:4      | Noticed a fire elemental
  3563 | D:4      | Noticed an air elemental
  3563 | D:4      | Noticed a water elemental
  3778 | D:4      | Found a sparkling altar of Nemelex Xobeh.
  3784 | D:5      | Entered Level 5 of the Dungeon
  3925 | D:5      | Reached skill level 5 in Fighting
  3956 | D:5      | HP: 3/61 [centaur (6)]
  3958 | D:5      | Slain by a centaur

Vault maps used:
D:1:      mrwooster_arrival_statue_2
D:2:      serial_bayou_pond_e, minmay_hedge_maze
D:3:      elyvilon_altar_3
D:4:      nicolae_qazlal_style_of_elements, vehumet_crystals,
          nicolae_overflow_hidden_temple, grunt_temple_overflow_open, trog_book
D:5:      nicolae_tso_besieged_by_evil, xom_teletrap_fun, marbit_many_paths,
          lemuel_doored_altar, first_bread, uniq_grinder

Skill      XL: |  1  2  3  4  5  6  7 |
---------------+----------------------+-----
Polearms       | 3 4 5 |  5.6
Fighting       | 4 5 |  5.0
Dodging        | 3 |  3.9
Shields        | 4 |  4.5
Invocations    | 1 2 |  2.0
Throwing       | |  0.8

Action                   |  1- 3 |  4- 6 |  7- 9 || total
-------------------------+-------+-------+-------++-------
Melee: Trident           |   146 |   162 |    63 ||   371
 Abil: Breathe Frost     |       |       |     3 ||     3
Evoke: Wand              |       |     5 |       ||     5
  Use: Scroll            |       |     2 |       ||     2
       Potion            |       |     1 |     3 ||     4
 Stab: Sleeping          |       |     2 |       ||     2
  Eat: Chunk             |     2 |     4 |     3 ||     9
       Fruit             |       |     1 |       ||     1
